 Dungeon Crawl Stone Soup version 0.30-a0-600-gb7c8574cbb (webtiles) character file.

Game seed: 8312485987239367669

142 BlackLaughter the Covered (level 5, 0/33 HPs)
             Began as a Gargoyle Fighter on Jan 7, 2023.
             Slain by a gnoll
             ... wielding a +0 halberd
              (7 damage)
             ... on level 3 of the Dungeon.
             The game lasted 00:08:59 (1640 turns).

BlackLaughter the Covered (Gargoyle Fighter)        Turns: 1640, Time: 00:09:00

Health: 0/33       AC: 15    Str: 19    XL:     5   Next: 25%
Magic:  5/5        EV:  5    Int:  9    God:
Gold:   111        SH:  4    Dex: 11    Spells: 4/4 levels left

rFire   x . .      SeeInvis .    a - +1 flail
rCold   . . .      Faith    .    c - +0 buckler
rNeg    + . .      Spirit   .    h - +0 plate armour
rPois   ∞          Reflect  .    (no helmet)
rElec   +          Harm     .    (no cloak)
rCorr   .          Rampage  .    (no gloves)
Will    .....                    (no boots) Stlth
                                 (no amulet)
HPRegen 0.25/turn                (no ring)
MPRegen 0.09/turn                (no ring)

@: no status effects
A: sickness immunity, AC +4, negative energy resistance 1, electricity
resistance, torment resistance 1, petrification resistance, claws 1, no potion
heal 1, heat vulnerability 1
a: no special abilities


You were on level 3 of the Dungeon.
You visited 1 branch of the dungeon, and saw 3 of its levels.

You collected 111 gold pieces.

Inventory:

Hand Weapons
 a - a +1 flail (weapon)
Armour
 b - a +0 scale mail
 c - a +0 buckler (worn)
 h - a +0 plate armour (worn)
Scrolls
 f - a scroll of identify
 g - a scroll of fear {unknown}
 k - a scroll of vulnerability {unknown}
Potions
 d - 3 potions of might
 e - 2 potions of flight
 i - a potion of brilliance
 j - a potion of lignification


   Skills:
 + Level 3.7 Fighting
 + Level 3.8 Maces & Flails
 + Level 4.3 Armour
 + Level 0.1 Stealth
 + Level 3.8 Shields


You had 4 spell levels left.
You didn't know any spells.
Your spell library contained the following spells:

 Spells                   Type           Power      Damage    Failure   Level
 Slow                     Hex            0%         N/A       100%        1
 Static Discharge         Conj/Air       0%         2-2/arc   100%        2
 Confusing Touch          Hex            0%         N/A       100%        3
 Vampiric Draining        Necr           0%         2d6       100%        3
 Summon Lightning Spire   Summ/Air       0%         N/A       100%        4
 Irradiate                Conj/Tmut      0%         3d11      100%        5
 Storm Form               Tmut/Air       0%         N/A       100%        7


Dungeon Overview and Level Annotations

Branches:
Dungeon (3/15)

Altars:
Qazlal

Shops:
D:2 *


Innate Abilities, Weirdness & Mutations

You are immune to sickness and miasma.
Your stone body is resilient. (AC +4)
You are immune to poison.
You resist negative energy. (rN+)
You are resistant to electric shocks. (rElec)
You are resistant to unholy torment.
You are immune to petrification.
You have sharp fingernails.
Potions are less effective at restoring your health.
You are vulnerable to heat. (rF-)


Message History

You barely miss the gnoll.
The gnoll is lightly wounded.
The gnoll shouts!
You hear an angry hiss.
You hear a shout!
The gnoll hits you but does no damage. x2
You hit the gnoll.
The gnoll is heavily wounded.
The gnoll hits you from afar with a +0 halberd.
You block the gnoll's attack. The gnoll hits you but does no damage.
The gnoll hits you with a +0 flail.
You completely miss the gnoll.
The gnoll is heavily wounded.
The gnoll hits you with a +0 flail. The gnoll hits you but does no damage.
You closely miss the gnoll.
The gnoll is heavily wounded.
The gnoll hits you but does no damage. You block the gnoll's attack.
You barely miss the gnoll.
The gnoll is heavily wounded.
The gnoll hits you from afar with a +0 halberd.
You block the gnoll's attack.
You closely miss the gnoll.
The gnoll is heavily wounded.
The gnoll hits you from afar with a +0 halberd.
The gnoll hits you but does no damage. x2
The gnoll hits you from afar with a +0 halberd.
You hit the gnoll.
The gnoll is almost dead.
The gnoll hits you from afar with a +0 halberd.
The gnoll hits you but does no damage.
You sock the gnoll!
You kill the gnoll!
The gnoll hits you from afar with a +0 halberd.
* * * LOW HITPOINT WARNING * * *
The gnoll hits you but does no damage.
You hit the gnoll.
The gnoll is heavily wounded.
The gnoll hits you but does no damage.
You barely miss the gnoll.
The gnoll is heavily wounded.
The gnoll hits you with a +0 halberd!
You die...

..# #....# ..# #....#
... ..# #....# #.. ###
#....# #.. ######.(..#
#.. .......#.## ..
########.#### #'# #
#........##g###.#
#...........@.).#
#####..........######.
......................
.................####.
##........).........#
#...................#
....................#
....†.................
......................


You could see a gnoll.

Vanquished Creatures
  A bullfrog (D:3)
  2 gnolls (D:3)
  An adder (D:3)
  A worm (D:3)
  A dart slug (D:3)
  2 ball pythons
  5 bats
  4 endoplasms
  4 giant cockroaches
  3 goblins
  7 hobgoblins
  2 jackals (D:1)
  A quokka (D:2)
  3 frilled lizards
  4 kobolds
  4 rats
45 creatures vanquished.

Notes
Turn   | Place    | Note
-------+----------+-------------------------------------------
     0 | D:1      | BlackLaughter the Gargoyle Fighter began the quest for the
                  | Orb.
     0 | D:1      | Reached XP level 1. HP: 14/14 MP: 1/1
    97 | D:1      | Reached XP level 2. HP: 18/19 MP: 2/2
   187 | D:1      | Got the Catalogue of the Amorphous Storm
   819 | D:2      | Reached XP level 3. HP: 23/23 MP: 3/3
   921 | D:2      | Found a stormy altar of Qazlal.
  1034 | D:2      | Found Jiutium's Assorted Antiques.
  1409 | D:2      | Gained mutation: You are vulnerable to heat. (rF-) [potion
                  | of mutation]
  1409 | D:2      | Gained mutation: Potions are less effective at restoring
                  | your health. [potion of mutation]
  1409 | D:2      | Gained mutation: You have sharp fingernails. [potion of
                  | mutation]
  1529 | D:3      | Noticed a bullfrog
  1537 | D:3      | Killed a bullfrog
  1538 | D:3      | Reached skill level 4 in Armour
  1538 | D:3      | Reached XP level 4. HP: 24/29 MP: 4/4
  1539 | D:3      | Reached XP level 5. HP: 28/33 MP: 5/5
  1640 | D:3      | Slain by a gnoll

Illustrated notes

Levels and vault maps discovered:
D:1:      minmay_arrival_shattered_statue, layout_basic
D:2:      layout_loops_ring, basic_altar, serial_shops, nicolae_square_shop
D:3:      layout_basic, ebering_ghost_rock_garden

Skill      XL: |  1  2  3 |
---------------+----------+-----
Maces & Flails | 3 |  3.8
Armour         | 4 |  4.3
Fighting       | |  3.7
Stealth        | |  0.1
Shields        | |  3.8

Action                   |  1- 3 |  4- 6 || total
-------------------------+-------+-------++-------
Melee: Flail             |   102 |    32 ||   134
  Use: Scroll            |    10 |       ||    10
       Potion            |     1 |       ||     1
Armor: Scale mail        |    43 |       ||    43
       Plate armour      |    20 |    28 ||    48
Dodge: Dodged            |    47 |     7 ||    54
Block: Buckler           |    17 |     7 ||    24

Table legend: (Time is in decaauts)
 A = Elapsed time spent in this place.
 B = Non-inter-level travel time spent in this place.
 C = Inter-level travel time spent in this place.
 D = Time resting spent in this place.
 E = Time spent auto-exploring this place.
 F = Levels seen in this place.
 G = Mean time per level.
                   A        B        C        D        E       F      G
               +--------+--------+--------+--------+--------+-----+--------+
         Total |   1681 |   1622 |     59 |      0 |   1226 |   3 |  560.3 |
       Dungeon |   1681 |   1622 |     59 |      0 |   1226 |   3 |  560.3 |
               +--------+--------+--------+--------+--------+-----+--------+

Top non-repeatable levels by time:
     D:1: 749 daAuts
     D:2: 698 daAuts
     D:3: 233 daAuts
